 Dungeon Crawl Stone Soup version 0.15.0-14-g6bbbb5c (webtiles) character file.

142 CrazyArbalest the Bolt Thrower (level 5, 3/37 HPs)
             Began as a Demonspawn Hunter on Sept 3, 2014.
             Quit the game in a sewer.
             The game lasted 00:09:02 (2180 turns).

CrazyArbalest the Bolt Thrower (Demonspawn Hunter)  Turns: 2180, Time: 00:09:03

HP   3/37        AC  6     Str 13      XL: 5   Next:  3%
MP   5/5         EV  9     Int 12      God:
Gold 88          SH  0     Dex 14      Spells:  0 memorised,  4 levels left

rFire  . . .     SeeInvis .     a - +0 whip
rCold  . . .     Clarity  .     t - +0 ring mail
rNeg   . . .     rCorr    .     (no shield)
rPois  .         rRot     .     (no helmet)
rElec  .         Spirit   .     v - +0 cloak
SustAb .         Warding  .     (no gloves)
rMut   .         Stasis   .     (no boots)
Gourm  .                        (no amulet)
MR     .....                    (no ring)
                                (no ring)

@: not resistant to hostile enchantments, unstealthy
A: nightstalker 1, powered by death 1
a: no special abilities


You were in a sewer.
You were not hungry.

You visited 1 branch of the dungeon, and saw 3 of its levels.
You also visited: Sewer.

You collected 88 gold pieces.

Inventory:

Hand weapons
 a - a +0 whip (weapon)
 b - a +1 hand crossbow
Armour
 d - a +0 leather armour
 t - a +0 ring mail (worn)
 v - a +0 cloak (worn)
Comestibles
 f - 4 bread rations
 h - 2 meat rations
 j - a slice of pizza
 n - a beef jerky
 x - a chunk of bat flesh
 B - a chunk of ball python flesh
Scrolls
 g - 2 scrolls of identify {unknown}
 i - a scroll of recharging {unknown}
 k - a scroll of fog {unknown}
 m - a scroll of magic mapping {unknown}
 o - a scroll of teleportation {unknown}
 p - a scroll of random uselessness {unknown}
 u - a scroll of noise {unknown}
 w - a scroll of remove curse {unknown}
Potions
 e - a potion of agility {unknown}
 q - a potion of poison {unknown}
 r - a potion of lignification {unknown}
 s - a potion of beneficial mutation {unknown}
 z - a potion of heal wounds {unknown}
 A - a potion of might {unknown}


   Skills:
 + Level 1.1 Fighting
 * Level 1.5 Maces & Flails
 * Level 4.8 Crossbows
 + Level 1.2 Armour
 + Level 2.5 Dodging
 + Level 0.8 Stealth


You had 4 spell levels left.
You didn't know any spells.

Dungeon Overview and Level Annotations

Branches:
Dungeon (3/15)

Altars:


Innate Abilities, Weirdness & Mutations

You are slightly more attuned to the shadows.
You can steal the life force of nearby defeated enemies.


Message History

Unknown command.
You closely miss the big kobold.
The big kobold is almost dead.
The big kobold hits you.
* * * LOW HITPOINT WARNING * * *
You hit the big kobold.
The big kobold is almost dead.
The big kobold hits you.
* * * LOW HITPOINT WARNING * * *
You hit the big kobold.
You kill the big kobold!
Your Armour skill increases to level 1!
You have reached level 4!
You feel stronger.
You have reached level 5!
Your demonic ancestry asserts itself...
You slip into the darkness of the dungeon.
The big kobold hits you with a short sword.
* * * LOW HITPOINT WARNING * * *
Are you sure you want to abandon this character and quit the game? (Confirm with "yes".)

≈≈
≈≈≈#################
≈≈≈≈≈≈≈≈≈≈≈≈≈≈≈≈≈≈≈#
≈≈≈≈≈≈≈≈≈≈≈≈≈≈≈≈≈≈≈#
≈≈≈≈≈≈≈≈≈≈≈≈≈≈≈≈≈≈≈≈#
########≈≈########'###
......≈P≈≈P.#).%@#...#
......≈≈P≈%('%.K.#.∩.#
............'....#.∩.#
............#....#####
..........########
##.....##.# ##########


You could see a big kobold.

Vanquished Creatures
  A big kobold (Sewer)
  2 adders (D:2)
  A worm (D:1)
  5 giant cockroaches
  4 goblins
  5 hobgoblins
  7 kobolds
  A ball python (Sewer)
  5 bats
  2 giant geckos
  A giant newt (D:1)
  A quokka (D:2)
  5 rats
40 creatures vanquished.

Notes
Turn   | Place    | Note
--------------------------------------------------------------
     0 | D:1      | CrazyArbalest, the Demonspawn Hunter, began the quest for the Orb.
     0 | D:1      | Reached XP level 1. HP: 15/15 MP: 1/1
   340 | D:1      | Reached skill level 4 in Crossbows
   348 | D:1      | Gained mutation: You can steal the life force of nearby defeated enemies. [demonic ancestry]
   348 | D:1      | Reached XP level 2. HP: 21/21 MP: 2/2
   857 | D:2      | Reached XP level 3. HP: 26/26 MP: 3/3
  1876 | D:3      | Found a glowing drain.
  1932 | Sewer    | Entered a sewer
  2096 | Sewer    | Reached skill level 1 in Maces & Flails
  2097 | Sewer    | Noticed a big kobold
  2097 | Sewer    | Noticed a big kobold
  2179 | Sewer    | Killed a big kobold
  2179 | Sewer    | Reached skill level 1 in Armour
  2179 | Sewer    | Reached XP level 4. HP: 2/32 MP: 4/4
  2179 | Sewer    | Gained mutation: You are slightly more attuned to the shadows. [demonic ancestry]
  2179 | Sewer    | Reached XP level 5. HP: 2/37 MP: 5/5
  2180 | Sewer    | Quit the game

Action                   |  1- 3 |  4- 6 || total
-------------------------+-------+-------++-------
Melee: Whip              |   145 |       ||   145
 Fire: Hand crossbow     |    48 |       ||    48
  Use: Potion            |     5 |       ||     5
  Eat: Chunk             |     4 |       ||     4
